 Dungeon Crawl Stone Soup version 0.18-a0-1071-g9f02aef (webtiles) character file.

9690 Reinor the Spear-Bearer (level 11, 0/108 HPs)
             Began as a Minotaur Chaos Knight on Jan 14, 2016.
             Slain by a two-headed ogre
             ... wielding a +0 giant spiked club
             ... summoned by Xom
              (20 damage)
             ... on level 10 of the Dungeon.
             The game lasted 00:49:30 (9182 turns).

Reinor the Spear-Bearer (Minotaur Chaos Knight)     Turns: 9182, Time: 00:49:31

Health: 0/108      AC:  8    Str: 20      XL:     11   Next: 26%
Magic:  12/12      EV: 10    Int: 13      God:    Xom [......]
Gold:   424        SH:  0    Dex:  9 (10) Spells: 0 memorised, 10 levels left

rFire  x . .     SeeInvis .     y - +2 trident (chaos)
rCold  + + .     Gourm    .     J - +0 scale mail {rC+}
rNeg   . . .     Faith    .     (no shield)
rPois  .         Spirit   .     (helmet restricted)
rElec  .         Dismiss  .     (no cloak)
rCorr  .         Reflect  .     (no gloves)
SustAt .         Harm     .     (no boots)
MR     .....                    (no amulet)
Stlth  +.........               (no ring)
                                h - ring of ice

@: about to teleport, not resistant to hostile enchantments, very unstealthy
A: retaliatory headbutt, horns 2, clever 2, low mp 1, robust 1
a: Renounce Religion


You were on level 10 of the Dungeon.
You worshipped Xom.
You were a very special plaything of Xom.
You were not hungry.

You visited 1 branch of the dungeon, and saw 10 of its levels.
You also visited: Ossuary.

You collected 424 gold pieces.

Inventory:

Hand Weapons
 n - the +5 quarterstaff "Dragon's Tongue" {crush, rC+}
   (You found it on level 6 of the Dungeon)

   It inflicts extra damage upon your enemies.
   It protects you from cold.
 y - a +2 trident of chaos (weapon)
Missiles
 D - 8 curare-tipped needles
Armour
 b - a +2 leather armour
 i - a +3 ring mail
 u - a +2 leather armour of cold resistance
 I - the +1 robe "Duecef" {rF+ Regen+ Int+3}
   (You found it on level 9 of the Dungeon)

   It affects your intelligence (+3).
   It protects you from fire.
   It increases your rate of regeneration.
 J - a +0 scale mail of cold resistance (worn)
Jewellery
 h - a ring of ice (left hand)
 E - an uncursed ring of wizardry
Wands
 t - a wand of magic darts (16/48)
Scrolls
 d - 4 scrolls of fear
 f - 2 scrolls of enchant weapon
 j - a scroll of magic mapping
 l - a scroll of amnesia
 m - 3 scrolls of teleportation
 w - 2 scrolls of remove curse
 B - a scroll of recharging
 C - 2 scrolls of fog
 F - a scroll of brand weapon {unknown}
 G - a scroll of acquirement {unknown}
 H - a scroll of torment {unknown}
 K - a scroll of identify
Potions
 a - a potion of cancellation {unknown}
 e - a potion of berserk rage {unknown}
 k - a potion of heal wounds
 o - a potion of curing
 p - 2 potions of haste {unknown}
 r - a potion of magic {unknown}
 x - 2 potions of brilliance
 z - a potion of ambrosia
Comestibles
 c - 5 bread rations
 g - 4 fruits
 q - a chunk of flesh
 s - a beef jerky
 v - 4 meat rations
 A - a slice of pizza


   Skills:
 - Level 10.0 Fighting
 - Level 14.8 Polearms
 - Level 10.1 Armour
 + Level 1.1 Dodging
 - Level 5.2 Stealth
 - Level 5.1 Evocations


You had 10 spell levels left.
You didn't know any spells.

Dungeon Overview and Level Annotations

Branches:
Dungeon (10/15)            Temple (0/1) D:5
   Lair: D:8-11         Orc: D:9-12

Altars:
Ashenzari
Elyvilon
Fedhas
Gozag
Kikubaaqudgha
Makhleb
Nemelex Xobeh
Okawaru
Trog
Vehumet
Yredelemnul
Zin

Shops:
D:4 }   D:5 (

Annotations:
D:4 exclusion: oklob plant


Innate Abilities, Weirdness & Mutations

You reflexively headbutt those who attack you in melee.
You have a pair of horns on your head.
Your mind is very acute. (Int +4)
Your magical capacity is low (-10% MP).
You are robust (+10% HP).


Message History

The centaur warrior hits you but does no damage.
The two-headed ogre barely misses you.
The two-headed ogre hits you with a giant club!!
You hit the centaur warrior.
You headbutt the centaur warrior, but do no damage.
The centaur warrior is lightly wounded.
The centaur warrior hits you.
You barely miss the centaur warrior.
The centaur warrior is lightly wounded.
The water moccasin skeleton bites you.
The iguana bites you but does no damage.
The centaur warrior hits you but does no damage.
You hit the centaur warrior but do no damage.
You drain the centaur warrior! You headbutt the centaur warrior!
The centaur warrior is moderately wounded.
The two-headed ogre hits you with a giant spiked club!!
* * * LOW HITPOINT WARNING * * *
The two-headed ogre hits you with a giant club!!
You die...
Xom roars with laughter!

#.#....##.# #..
#.##...##.# #.#
#.###.###.# #.#
#.........# #.#
#####.##### #.#
##### #.# #.# #.
...# #.# #.#
#..<###l######.#
#.#
.......Z@O.....#
#.#
...#.#c########
#.. #a# ###
#......O#
..O.Y.### ######


You could see a centaur warrior, a two-headed ogre, an ogre, an iguana, a worker
ant and a water moccasin skeleton.

Vanquished Creatures
  Fannar (D:10)
  4 trolls
  Grinder (D:5)
  Prince Ribbit (D:8)
  10 yaks (D:10)
  2 hungry ghosts
  A mottled dragon (D:7)
  Edmund (D:5)
  3 orc warriors
  A necrophage (D:10)
  An ice beast (D:6)
  A black bear (D:9)
  An eye of draining (D:10)
  4 ogres
  A big kobold (D:9)
  6 centaurs
  3 giant frogs
  A wyvern zombie (D:9)
  2 gnoll sergeants
  A wyvern skeleton (D:9)
  9 scorpions
  8 killer bees
  4 jellies
  4 crimson imps
  A wasp zombie (D:10)
  2 centaur zombies
  6 orc priests
  2 human zombies (Ossuary)
  5 hounds
  8 orc wizards
  2 centaur skeletons
  3 iguanas
  6 worker ants
  3 big kobold zombies (Ossuary)
  2 hound skeletons
  3 mummies (Ossuary)
  2 worker ant zombies
  20 gnolls
  2 scorpion zombies (Ossuary)
  13 adders
  3 shadow imps
  2 adder skeletons
  3 worms
  5 giant geckos
  34 orcs
  A ball python (D:1)
  2 giant cockroaches
  5 goblins
  9 hobgoblins
  8 jackals
  4 quokkas
  11 bats
  6 giant newts
  5 goblin zombies
  3 hobgoblin zombies (Ossuary)
  A jackal skeleton (D:4)
  7 kobolds
  5 kobold zombies (Ossuary)
  3 orc zombies (Ossuary)
  A quokka skeleton (D:9)
  4 rats
  A rat zombie (D:4)
  A plant (D:4)
275 creatures vanquished.

Vanquished Creatures (collateral kills)
  2 yaks (D:10)
  A killer bee (D:9)
  A gnoll (D:6)
  An adder (D:6)
  A jackal (D:6)
6 creatures vanquished.

Vanquished Creatures (others)
  A scorpion (Ossuary)
  A crimson imp (D:10)
  An orc (D:7)
3 creatures vanquished.

Grand Total: 284 creatures vanquished

Notes
Turn   | Place    | Note
--------------------------------------------------------------
     0 | D:1      | Reinor the Minotaur Chaos Knight began the quest for the Orb.
     0 | D:1      | Reached XP level 1. HP: 19/19 MP: 0/0
    30 | D:1      | XOM: potion effect (might)
    58 | D:1      | Reached skill level 4 in Polearms
    97 | D:1      | Reached XP level 2. HP: 21/26 MP: 1/1
   535 | D:1      | XOM: divination: detect creatures
   648 | D:2      | Found an iron altar of Okawaru.
   662 | D:2      | XOM: mild Hex miscast
   662 | D:2      | Reached skill level 5 in Polearms
   662 | D:2      | Reached XP level 3. HP: 28/31 MP: 2/2
   815 | D:2      | Found a burning altar of Makhleb.
   820 | D:2      | Reached skill level 6 in Polearms
   820 | D:2      | Reached XP level 4. HP: 33/39 MP: 3/3
   873 | D:2      | XOM: potion effect (agility)
   893 | D:2      | Reached skill level 1 in Stealth
  1059 | D:3      | Found a white marble altar of Elyvilon.
  1073 | D:3      | Reached XP level 5. HP: 17/45 MP: 4/4
  1318 | D:3      | XOM: confuse monster(s)
  1330 | D:3      | XOM: butterfly on damage
  1586 | D:3      | XOM: harmless Erth miscast
  1600 | D:3      | XOM: mild Erth miscast
  1640 | D:3      | Found a basalt altar of Yredelemnul.
  2370 | D:3      | XOM: mild Hex miscast
  2444 | D:3      | Found an ancient bone altar of Kikubaaqudgha.
  2486 | D:4      | Reached XP level 6. HP: 46/51 MP: 5/5
  2542 | D:4      | Found a blossoming altar of Fedhas.
  2562 | D:4      | Noticed an oklob plant
  2564 | D:4      | XOM: potion effect (agility)
  2574 | D:4      | XOM: silly message
  2588 | D:4      | XOM: confuse monster(s)
  2593 | D:4      | XOM: cast spell 'Summon Ice Beast'
  2663 | D:4      | Found Imyrie's Gadget Boutique.
  2797 | D:4      | Found a sand-covered staircase.
  2810 | Ossuary  | Entered an ossuary
  2817 | Ossuary  | XOM: scenery: 1 doors open
  3100 | Ossuary  | XOM: colour smoke trail
  3166 | Ossuary  | XOM: 1-stop teleportation journey
  3171 | Ossuary  | XOM: cast spell 'Metabolic Englaciation'
  3172 | Ossuary  | Reached skill level 5 in Stealth
  3183 | Ossuary  | Reached XP level 7. HP: 46/59 MP: 6/6
  3313 | Ossuary  | Reached skill level 5 in Fighting
  3350 | Ossuary  | XOM: cast spell 'Disjunction'
  3377 | Ossuary  | XOM: confuse monster(s)
  3405 | Ossuary  | XOM: mild Chrm miscast
  3845 | D:5      | Entered Level 5 of the Dungeon
  3852 | D:5      | Noticed Edmund
  3864 | D:5      | XOM: noise
  3873 | D:5      | Killed Edmund
  3873 | D:5      | Reached skill level 5 in Armour
  3873 | D:5      | Reached XP level 8. HP: 62/70 MP: 7/7
  3947 | D:5      | XOM: cast spell 'Hydra Form'
  3990 | D:5      | Found a bloodstained altar of Trog.
  4007 | D:5      | Found a shattered altar of Ashenzari.
  4014 | D:5      | Found a sparkling altar of Nemelex Xobeh.
  4148 | D:5      | Found Riotos's Weapon Emporium.
  4151 | D:5      | Noticed Grinder
  4155 | D:5      | XOM: summons friendly crimson imp
  4156 | D:5      | XOM: potion effect (experience)
  4156 | D:5      | Reached skill level 14 in Polearms
  4156 | D:5      | Reached XP level 9. HP: 69/75 MP: 8/8
  4157 | D:5      | XOM: confuse monster(s)
  4170 | D:5      | Killed Grinder
  4191 | D:5      | Found an opulent altar of Gozag.
  4231 | D:5      | Found a staircase to the Ecumenical Temple.
  4277 | D:5      | Found a glowing silver altar of Zin.
  4492 | D:6      | XOM: chaos upgrade
  4872 | D:6      | XOM: summons friendly ufetubus
  4951 | D:6      | Got an ichor-stained quarterstaff
  4952 | D:6      | Identified the +5 quarterstaff "Dragon's Tongue" {crush, rC+} (You found it on level 6 of the Dungeon)
  5075 | D:6      | XOM: 1-stop teleportation journey
  5158 | D:6      | XOM: god gift: scroll labeled WYGGOU ESAUL
  5164 | D:6      | XOM: vitrification
  5198 | D:6      | Reached skill level 1 in Evocations
  5316 | D:6      | XOM: god gift: 26 gold pieces
  5340 | D:6      | Found Vaojus's Antique Armour Emporium.
  5419 | D:7      | XOM: divination: detect creatures
  5435 | D:7      | XOM: cast spell 'Hydra Form'
  5487 | D:7      | XOM: polymorph water moccasin -> mottled dragon
  5522 | D:7      | Reached XP level 10. HP: 61/83 MP: 11/11
  5717 | D:7      | XOM: mild Ice miscast
  5720 | D:7      | XOM: potion effect (berserk rage)
  5797 | D:7      | Found a radiant altar of Vehumet.
  6205 | D:8      | XOM: 2-stop teleportation journey
  6221 | D:8      | XOM: enchant monster (good)
  6276 | D:8      | XOM: divination: magic mapping
  6381 | D:8      | XOM: god gift: scroll labeled FETRYC BOYNAOCK
  6447 | D:8      | XOM: 3-stop teleportation journey
  6455 | D:8      | XOM: blink monster(s)
  6653 | D:8      | Noticed Prince Ribbit
  6661 | D:8      | Killed Prince Ribbit
  6661 | D:8      | Reached skill level 5 in Evocations
  6961 | D:9      | Got a warped robe
  6972 | D:9      | Identified the +1 robe "Duecef" {rF+ Regen+ Int+3} (You found it on level 9 of the Dungeon)
  6988 | D:9      | XOM: colour smoke trail
  7576 | D:9      | XOM: 1-stop teleportation journey
  7646 | D:9      | XOM: confusion (+ monsters)
  7684 | D:9      | Gained mutation: Your mind is acute. (Int +2) [potion of mutation]
  7684 | D:9      | Gained mutation: Your magical capacity is low (-10% MP). [potion of mutation]
  7684 | D:9      | Gained mutation: You are robust (+10% HP). [potion of mutation]
  7731 | D:9      | XOM: summons 8 friendly demons
  7871 | D:9      | XOM: medium Summ miscast
  8178 | D:9      | XOM: mild Chrm miscast
  8278 | D:9      | XOM: colour smoke trail
  8341 | D:10     | Entered Level 10 of the Dungeon
  8371 | D:10     | XOM: give mutation
  8371 | D:10     | Gained mutation: Your mind is very acute. (Int +4) [Xom's mischief]
  8560 | D:10     | XOM: silly message
  8597 | D:10     | XOM: cast spell 'Summon Hydra'
  8720 | D:10     | XOM: mild Air miscast
  8736 | D:10     | XOM: cast spell 'Call Canine Familiar'
  8750 | D:10     | Reached XP level 11. HP: 75/106 MP: 12/12
  8764 | D:10     | XOM: fog
  8923 | D:10     | Reached skill level 10 in Fighting
  8976 | D:10     | XOM: confusion (+ monsters)
  8987 | D:10     | XOM: blink monster(s)
  9019 | D:10     | XOM: noise
  9030 | D:10     | Noticed Fannar
  9043 | D:10     | XOM: confusion (+ monsters)
  9049 | D:10     | XOM: confusion
  9072 | D:10     | Killed Fannar
  9072 | D:10     | Reached skill level 10 in Armour
  9094 | D:10     | XOM: stat loss: -1 Dex (9/10)
  9172 | D:10     | Noticed a centaur warrior
  9178 | D:10     | XOM: summons 4 hostile shadow creatures
  9182 | D:10     | Slain by a two-headed ogre

Vault maps used:
D:1:      minmay_arrival_jagged, serial_forest, infiniplex_forest_straight_2,
          infiniplex_forest_clump_small, infiniplex_forest_clump_tiny,
          infiniplex_forest_lined_corner, infiniplex_forest_lined_room_,
          infiniplex_forest_clump_tiny, dk_noncrumbling_2
D:2:      makhleb_heckhound_becter, okawaru_trees_2
D:3:      overflow_temple_1_default, lemuel_coloured_pillars_altar,
          nicolae_overflow_crystal_walls
D:4:      tgw_fedhas, enter_ossuary_4, serial_shops, shop
D:5:      kennysheep_mini, lemuel_round_altar, nicolae_gozag_seed_capital,
          amethyst_overflow_temple_binary, minmay_temple_entry_mist,
          serial_shops, shop, first_bread, uniq_edmund, uniq_grinder
D:6:      serial_shops, nicolae_shop_trees
D:7:      overflow_temple_1_default, minmay_splitting_lines, grunt_ministairs_10
D:8:      uniq_prince_ribbit1
D:10:     uniq_fannar
Ossuary:  ossuary_minmay_scorpions

Action                   |  1- 3 |  4- 6 |  7- 9 | 10-12 || total
-------------------------+-------+-------+-------+-------++-------
Melee: Spear             |    81 |   293 |   175 |       ||   549
       Trident           |       |       |   121 |   420 ||   541
       Unarmed           |       |       |     7 |       ||     7
Evoke: Wand              |       |       |       |    10 ||    10
  Use: Scroll            |       |    11 |    10 |     1 ||    22
       Potion            |       |     1 |       |     6 ||     7
 Stab: Confused          |     1 |     1 |     5 |     6 ||    13
       Petrifying        |       |     1 |     1 |       ||     2
       Paralysed         |       |     4 |     1 |       ||     5
       Sleeping          |       |     1 |     3 |     2 ||     6
       Distracted        |       |       |       |     1 ||     1
  Eat: Chunk             |       |     7 |     5 |    16 ||    28
       Fruit             |       |       |     3 |     4 ||     7
